 Dungeon Crawl Stone Soup version 0.28-a0-407-g69098e2f6d (webtiles) character file.

Game seed: 6046469307099160924

1656276 toffzen the Conqueror (level 27, 228/228 HPs)
             Began as a Djinni Fire Elementalist on Aug 26, 2021.
             Was the Champion of Makhleb.
             Escaped with the Orb
             ... and 3 runes on Sept 5, 2021!
             The game lasted 05:23:40 (78638 turns).

toffzen the Conqueror (Djinni Fire Elementalist)   Turns: 78638, Time: 05:23:41

Health: 228/228    AC:  9    Str: 11    XL:     27
Gold:   4681       EV: 18    Int: 35    God:    Makhleb [******] SH:  6 Dex: 14

rFire   + + .      SeeInvis .   b - staff of air
rCold   + + +      Faith    .   u - +1 buckler {reflect}
rNeg    + + .      Spirit   .   F - +2 robe {Archmagi}
rPois   ∞          Reflect  +   C - +0 hat of Sust {rC+++ rCorr Int+5}
rElec   +          Harm     .   Y - +1 cloak of Peek-a-Boo {*Corrode Fly rN++ Will+}
rCorr   +          Rampage  .   B - +2 pair of gloves of the Trees {Str+4}
Will    +++++      Archmagi +   (boots unavailable)
Stlth   +.........              i - amulet of regeneration
HPRegen 1.48/turn               X - ring of Ereeppaa {rElec rC+ Will+ Dex-3}
MPRegen 0.00/turn               T - ring of Ipsuevad {Wiz Will++ Int+3 Slay-3}

@: flying
A: sickness immunity, fire resistance 2, cold vulnerability 1, float, innate
caster, hp casting, extra vitality 1, horns 2, strong-willed 1, noise
suppression
0: Orb of Zot
}: 3/15 runes: decaying, silver, gossamer
a: Renounce Religion, Minor Destruction, Lesser Servant of Makhleb, Major
Destruction, Greater Servant of Makhleb


You escaped.
You worshipped Makhleb.
Makhleb was exalted by your worship.
You visited 11 branches of the dungeon, and saw 53 of its levels.

You collected 7119 gold pieces.
You spent 2438 gold pieces at shops.

Inventory:

Hand Weapons
 J - a +2 short sword of electrocution
Missiles
 h - 1398 stones
 w - 3 throwing nets
Armour
 p - a +2 cloak of willpower
 s - the +1 helmet of the Turtledove {+Blink Fly rElec Dex+3}
   (You found it on level 5 of the Dungeon)

   Dex:       It affects your dexterity (+3).
   rElec:     It insulates you from electricity.
   Fly:       It grants you flight.
   +Blink:    It lets you blink.
 u - a +1 buckler of reflection (worn)
 B - the +2 pair of gloves of the Trees (worn) {Str+4}
   (You bought it in a shop on level 5 of the Vaults)

   Str:       It affects your strength (+4).
 C - the +0 hat of Sust (worn) {rC+++ rCorr Int+5}
   (You found it on level 2 of the Vaults)

   Int:       It affects your intelligence (+5).
   rC:        It renders you almost immune to cold.
   rCorr:     It protects you from acid and corrosion.
 F - a +2 robe of the Archmagi (worn)
 S - a +2 robe of resistance
 Y - the +1 cloak of Peek-a-Boo (worn) {*Corrode Fly rN++ Will+}
   (You found it on level 2 of the Swamp)

   rN:        It greatly protects you from negative energy.
   Fly:       It grants you flight.
   *Corrode:  It may corrode you when you take damage.
   Will:      It increases your willpower.
Magical Staves
 a - a staff of fire
 b - a staff of air (weapon)
 c - a staff of cold
 M - a staff of earth
Jewellery
 i - an amulet of regeneration (around neck)
 k - the ring of the Tortoise {AC+8}
   (You took it off a fire giant on level 5 of the Vaults)

   [ring of protection]

   AC:        It affects your AC (+8).
 q - a ring of resist corrosion
 t - the ring of Wusuc {Fire SInv}
   (You found it on level 5 of the Dungeon)

   [ring of fire]

   It enhances your fire magic.
   rF:        It protects you from fire.
   rC:        It makes you vulnerable to cold.
   SInv:      It lets you see invisible.
 R - an amulet of reflection
 T - the ring of Ipsuevad (right hand) {Wiz Will++ Int+3 Slay-3}
   (You acquired it on level 13 of the Dungeon)

   [ring of wizardry]

   It improves your spell success rate.
   Int:       It affects your intelligence (+3).
   Slay:      It affects your accuracy & damage with ranged weapons and melee
   (-3).
   Will:      It greatly increases your willpower.
 X - the ring of Ereeppaa (left hand) {rElec rC+ Will+ Dex-3}
   (You found it on level 15 of the Dungeon)

   [ring of willpower]

   Dex:       It affects your dexterity (-3).
   rC:        It protects you from cold.
   rElec:     It insulates you from electricity.
   Will:      It increases your willpower.
Wands
 o - a wand of acid (58)
 y - a wand of flame (194)
 G - a wand of iceblast (95)
 H - a wand of digging (8)
Scrolls
 g - a scroll of magic mapping
 j - 7 scrolls of enchant armour
 m - 39 scrolls of identify
 n - 18 scrolls of teleportation
 v - 10 scrolls of fog
 z - 3 scrolls of summoning
 E - a scroll of vulnerability
 N - 4 scrolls of blinking
 O - 7 scrolls of fear
 P - 2 scrolls of holy word
 V - 4 scrolls of immolation
 W - 10 scrolls of noise
 Z - a scroll of torment
Potions
 d - 9 potions of might
 e - 11 potions of lignification
 f - 11 potions of haste
 l - 2 potions of resistance
 r - 2 potions of berserk rage
 x - 2 potions of invisibility
 A - 8 potions of cancellation
 D - 9 potions of brilliance
 I - 18 potions of curing
 Q - 8 potions of heal wounds
Miscellaneous
 U - a lightning rod (4/4)


   Skills:
 O Level 27 Fighting
 - Level 5.0 Armour
 - Level 13.0 Dodging
 - Level 1.5 Stealth
 - Level 4.0 Shields
 + Level 26.7 Spellcasting
 - Level 18.1 Invocations
 - Level 6.0 Evocations


You couldn't memorise any spells.
You knew the following spells:

 Your Spells              Type           Power      Damage    Failure   Level
a - Foxfire               Conj/Fire      100%       2x1d9     0%          1
b - Conjure Flame         Conj/Fire      100%       6-21      0%          3
c - Inner Flame           Hex/Fire       100%       N/A       0%          3
d - Sticky Flame          Conj/Fire      100%       2d11      0%          4
e - Fireball              Conj/Fire      75%        3d28      0%          5
f - Sandblast             Erth           100%       2d20      0%          1
g - Corpse Rot            Necr/Air       N/A        N/A       0%          2
h - Teleport Other        Tloc           100%       N/A       0%          3
i - Stone Arrow           Conj/Erth      100%       3d13      0%          3
j - Agony                 Necr           100%       N/A       0%          5
k - Borgnjor's Vile Clut  Necr/Erth      75%        N/A       0%          5
l - Conjure Ball Lightni  Conj/Air       88%        3x3d33    0%          6
m - Shadow Creatures      Summ           N/A        N/A       0%          6
n - Death Channel         Necr           75%        N/A       0%          6
o - Malign Gateway        Summ/Tloc      75%        N/A       0%          7
p - Ozocubu's Refrigerat  Ice            75%        4d20      0%          7
q - Maxwell's Capacitive  Air            88%        ∞         1%          8
r - Chain Lightning       Conj/Air       88%        3d117     1%          9
Your spell library was empty.

Dungeon Overview and Level Annotations

Branches:
Dungeon (15/15)            Temple (1/1) D:5            Lair (6/6) D:11
  Swamp (4/4) Lair:4       Spider (4/4) Lair:3        Slime (0/5) Lair:6
    Orc (2/2) D:9             Elf (3/3) Orc:2        Vaults (5/5) D:13
  Crypt (3/3) Vaults:3       Tomb (0/3) Crypt:3      Depths (5/5) D:15
    Zot (5/5) Depths:5

Altars:
Ashenzari
Cheibriados
Dithmenos
Elyvilon
Fedhas
Gozag
Hepliaklqana
Kikubaaqudgha
Makhleb
Nemelex Xobeh
Okawaru
Qazlal
Ru
Sif Muna
Trog
Uskayaw
Vehumet
Wu Jian
Xom
Yredelemnul
Zin
The Shining One
Beogh

Shops:
D:10 **   D:13 *   Orc:2 !?=(   Elf:2 (   Elf:3 *   Vaults:4 *   Vaults:5 ([!?

Portals:
Hell: Depths:1 Depths:2 Depths:3 Depths:4 Depths:5
Abyss: Depths:2 Depths:4
Pandemonium: Depths:1 Depths:2 Depths:3 Depths:4
Ziggurat: Depths:3

Annotations:
D:12 exclusion: obsidian statue
Swamp:3 Roxanne
Swamp:4 exclusion: upstairs
Orc:1 2 transporters, NigelTetley's ghost, journeyman DECj
Elf:2 1 runed translucent door, NigelTetley's ghost, adept DECj
Vaults:1 8 runed translucent doors, exclusion: door, Hios's ghost, adept HOMo
Vaults:2 exclusion: 2 downstairs
Crypt:3 3 runed translucent doors, exclusion: 6 doors
Depths:5 3 runed translucent doors, exclusion: 3 doors, Nogeahir's ghost, veteran TeCj
Zot:2 1 runed translucent door, Tommur's ghost, adept MiFi
Zot:5 3 runed translucent doors, exclusion: 3 doors, Xenophilius's ghost, legendary HOMo


Innate Abilities, Weirdness & Mutations

You are immune to sickness and miasma.
You are immune to poison.
Your flesh is very heat resistant. (rF++)
You are vulnerable to cold. (rC-)
You float through the air rather than walking.
You learn spells naturally, not from books.
Your magical power is your life essence.
You have superior vitality. (+4 HP)
You have a pair of horns on your head.
You are strong-willed. (Will+)
You passively dampen the noise of your surroundings.


Message History

Makhleb accepts your kill.
You feel better.
(D) Dungeon (T) Temple (L) Lair (S) Swamp (N) Spider Nest (M) Slime Pits (O) Orcish Mines (E) Elven Halls (V) Vaults (C) Crypt (W) Tomb (U) Depths (H) Hell (Z) Zot
Where to? (Enter - D:1 @ (x,y), ? - help)
There is a stone staircase leading up here.
HP restored.
You fly upwards.
There is a stone staircase leading down here.
There is a stone staircase leading up here.
You fly upwards.
There is a stone staircase leading down here.
You see here a +0 club.
You see here a +0 club.
You see here 24 arrows.
You see here a ring of flight.
An Orb Guardian comes into view.
Casting: Chain Lightning (mildly dangerous; 1% risk of failure)
Confirm with . or Enter, or press ? or * to list all spells.
You feel a strong surge of power! Lightning arcs from your hands!
The bolt of lightning hits the Orb Guardian!!
The Orb Guardian is moderately wounded.
Casting: Chain Lightning (mildly dangerous; 1% risk of failure)
Confirm with . or Enter, or press ? or * to list all spells.
You feel a strong surge of power! Lightning arcs from your hands!
The bolt of lightning hits the Orb Guardian!!!!!
You kill the Orb Guardian!
Makhleb accepts your kill.
You feel better. The bolt of lightning hits you! You resist.
There is an open gate here.
HP restored.
Aiming: Dig
Press: ? - help, Shift-Dir - straight line A rock wall.
This square is covered in magical glow.
The rock shatters into small pieces.
There is a staircase leading out of the dungeon here.
You have escaped!

..# #.# #.....#.# ### ..# #.#
#.....#.# #### ..# #.# #.....#.#
#... ### #.# #.....#.# #... #
#.#########..###.# #... #
#........)....##.# #### #
###############.##..##.###### # #
#...≈≈≈≈...#.....#..##.#.:..#
###..........#..@..#..##.#....#
=8#....≈≈....#.....#..##.#...(#
..'...........####'#..##.#....#
..'..........'.♣♣#.#..##.#....###
..'..........#♣.♣#.##.##.#.......
.8#....≈≈....#♣.♣#.##............
###......§...#♣♣.'.##.##.####....
# #...≈§≈§...# ♣♣#♣##..#.# #####
# ################ ##.#.#


There were no monsters in sight!

Vanquished Creatures
  6 dread liches
  Khufu (Crypt:3)
  An ancient lich (Zot:5)
  Mennas (Vaults:3)
  6 orbs of fire
  3 juggernauts
  2 royal mummies (Crypt:3)
  4 Killer Klowns
  the Lernaean hydra (Swamp:4)
  A caustic shrike (Depths:2)
  Saint Roka (Vaults:5)
  A pandemonium lord (Zot:1)
  3 curse toes (Zot:2)
  8 golden dragons
  2 bone dragons
  Nikola (Swamp:3)
  Arachne (Spider:2)
  3 electric golems
  An Ice Fiend (Depths:1)
  17 tentacled monstrosities
  A Hell Sentinel (Zot:5)
  Jorgrun (Swamp:3)
  8 liches
  3 deep elf blademasters
  Asterion (Spider:3)
  4 titans
  6 quicksilver dragons
  31 Orb Guardians
  2 deep elf master archers (Elf:3)
  6 sphinxes
  5 death cobs
  Frances (D:13)
  An Executioner (Zot:1)
  6 ancient champions
  The ghost of Wyvvafor the Severer, an adept MiCK of Xom (Swamp:2)
  2 thorn hunters
  6 tengu reavers
  4 revenants
  11 shadow dragons
  Donald (Swamp:1)
  2 fenstrider witches (Swamp:2)
  19 storm dragons
  11 draconian monks
  8 draconian knights
  An iron dragon (Vaults:5)
  11 fire giants
  9 frost giants
  4 ghost moths
  2 warmongers (Zot:5)
  11 vault wardens
  8 draconian scorchers
  A balrug (Depths:3)
  Louise (Spider:2)
  8 deep elf elementalists (Elf:3)
  8 draconian shifters
  3 ghouls (Crypt:1)
  An orc warlord (Vaults:1)
  2 cacodemons
  5 deep elf sorcerers
  A juggernaut zombie (Depths:2)
  3 curse skulls
  Aizul (Elf:2)
  2 emperor scorpions (Spider:4)
  2 angels (Elf:1)
  16 ironbound preservers
  6 draconian stormcallers
  7 draconian annihilators
  2 reapers
  31 stone giants
  16 very ugly things
  A war gargoyle (Vaults:5)
  9 deep elf annihilators
  A quicksilver ooze (shapeshifter) (Depths:5)
  11 black draconians
  A deep elf demonologist (Elf:3)
  7 vampire knights
  5 entropy weavers
  11 white draconians
  A lorocyproca (D:9)
  11 yellow draconians
  15 green draconians
  7 spark wasps
  11 red draconians
  6 bunyips
  3 dire elephants (Vaults:2)
  18 purple draconians
  9 deep elf death magi
  6 eidola
  A merfolk javelineer (Depths:3)
  18 ettins
  2 blizzard demons
  6 deep elf high priests
  5 eleionomae
  7 great orbs of eyes
  9 jiangshi
  9 fire dragons
  3 shambling mangroves
  Fannar (Lair:3)
  14 yaktaur captains
  5 ironbound thunderhulks
  9 ice dragons
  7 boulder beetles
  A peacekeeper (Vaults:1)
  A monstrous demonspawn (Depths:2)
  5 ironbound frosthearts
  33 vault guards
  21 hydras
  2 ogre magi
  5 spriggan air magi
  9 centaur warriors
  Erica (D:8)
  8 two-headed ogres
  A death knight (Crypt:2)
  2 catoblepae
  9 alligators
  26 dancing weapons
  A death yak (shapeshifter) (Depths:3)
  8 vampire magi
  20 deep troll shamans
  8 death scarabs (Spider:4)
  The ghost of askman the Demonic Aeon, a novice DsFi of Cheibriados (D:9)
  5 spriggan berserkers
  9 deep troll earth magi
  2 soul eaters (Crypt:3)
  6 tengu warriors
  4 ironbound beastmasters
  12 hell knights
  A sun demon (Depths:2)
  A fire crab (Lair:6)
  Nergalle (Lair:2)
  A sixfirhy (D:12)
  16 iron trolls
  16 deep elf knights
  4 spriggan druids
  5 death drakes
  14 skeletal warriors
  A storm dragon skeleton (Vaults:5)
  3 anaconda zombies (Crypt:1)
  4 shadow wraiths
  14 swamp dragons
  A goliath frog (shapeshifter) (Depths:3)
  6 goliath frogs
  50 deep trolls
  2 bog bodies (Lair:4)
  3 flayed ghosts
  15 wizards
  3 spectral wolf spiders (Spider:4)
  3 lindwurms
  A sphinx zombie (D:15)
  An obsidian statue (Zot:5)
  2 glowing orange brains
  18 harpies
  An anaconda skeleton (Crypt:1)
  An iron dragon zombie (Crypt:1)
  8 phantasmal warriors
  2 lindwurms (shapeshifter) (Vaults:5)
  6 orc knights
  13 ironbound convokers
  20 orb spiders
  A golden dragon skeleton (D:15)
  9 deep elf archers
  26 deep elf pyromancers
  An oklob plant (Lair:6)
  8 orc sorcerers
  37 ugly things
  10 necromancers
  31 deep elf zephyrmancers
  25 wolf spiders
  2 wolf spider zombies (Spider:4)
  28 moths of wrath
  10 will-o-the-wisps
  2 stone giant zombies (Crypt:1)
  4 cyclopes
  A cyclops (shapeshifter) (D:13)
  11 elephants
  Maurice (Orc:2)
  2 salamanders
  4 black mambas
  6 manticores
  3 stone giant skeletons
  An ice statue (Swamp:3)
  14 vault sentinels
  3 gargoyles
  A frost giant skeleton (Vaults:2)
  A naga mage (Vaults:2)
  2 torpor snails
  An orange demon (D:12)
  5 human zombies
  10 cane toads
  A dire elephant skeleton (Crypt:1)
  An unseen horror (D:13)
  2 rime drakes
  A white draconian zombie (Crypt:3)
  11 komodo dragons
  12 yaktaurs
  4 freezing wraiths
  A kobold demonologist (D:12)
  19 demonic crawlers
  3 guardian mummies
  A tormentor (Zot:1)
  5 tengu conjurers
  2 red devils
  An iron troll skeleton (Crypt:1)
  4 trolls
  3 bloated husks
  A sea snake skeleton (Crypt:2)
  39 jumping spiders
  A hydra zombie (Crypt:1)
  5 spectral tarantellas (Spider:4)
  28 hornets
  A polar bear (shapeshifter) (D:13)
  5 spectral jumping spiders (Spider:4)
  6 polar bears
  9 tyrant leeches
  16 blink frogs
  19 slime creatures
  A deep troll zombie (D:15)
  An ettin zombie (Crypt:2)
  A frost giant simulacrum (Depths:2)
  3 jumping spider zombies (Spider:4)
  58 redbacks
  A spriggan zombie (Depths:2)
  3 air elementals
  3 elf skeletons
  An ice dragon skeleton (Crypt:1)
  19 spriggans
  25 tarantellas
  46 yaks
  A shadow (D:11)
  A fire dragon skeleton (D:15)
  9 water elementals
  5 wraiths
  2 fire elementals
  A vampire (D:9)
  4 wyverns
  Eustachio (D:6)
  6 fire bats
  A chaos spawn (Depths:2)
  10 basilisks
  A human (shapeshifter) (Depths:2)
  4 neqoxecs
  20 vampire mosquitoes
  A steam dragon (D:4)
  A warg (shapeshifter) (Elf:2)
  A spriggan simulacrum (Depths:2)
  21 swamp worms
  2 swamp worms (shapeshifter)
  10 wargs
  9 water moccasins
  2 tengu skeletons
  2 spectral hornets (Spider:4)
  2 hornet zombies (Spider:4)
  A sky beast (D:7)
  7 swamp drakes
  An ettin simulacrum (Vaults:2)
  14 orc warriors
  An alligator simulacrum (Crypt:1)
  An ice dragon simulacrum (Crypt:1)
  4 black bears
  3 necrophages
  8 ogres
  A wolf (shapeshifter) (Vaults:5)
  14 centaurs
  A snapping turtle skeleton (Crypt:3)
  27 wolves
  5 boggarts (Lair:6)
  A manticore skeleton (Crypt:1)
  2 kobold brigands
  13 bullfrogs
  A fire crab zombie (Crypt:3)
  2 gnoll sergeants
  2 palentonga zombies
  A yaktaur zombie (Crypt:3)
  Blork the orc (D:5)
  4 earth elementals
  2 scorpions (D:11)
  A glowing shapeshifter simulacrum (Vaults:2)
  A salamander skeleton (Crypt:1)
  A cyclops skeleton (Crypt:3)
  A water moccasin zombie (Crypt:2)
  13 killer bees
  A polar bear zombie (Crypt:3)
  A shapeshifter zombie (Crypt:1)
  A wight (D:8)
  2 howler monkeys (D:8)
  8 electric eels
  3 quasits (D:9)
  2 hounds
  8 orc priests
  A jelly (D:6)
  A bullfrog skeleton (D:5)
  Jessica (D:3)
  4 hell rats
  Ijyb (D:5)
  3 human skeletons (Crypt:1)
  An iguana (D:4)
  42 orc wizards
  An acid dragon skeleton (Crypt:3)
  2 naga skeletons
  A demigod skeleton (Crypt:2)
  A hound zombie (D:5)
  5 mummies
  A howler monkey zombie (Crypt:3)
  11 gnolls
  A howler monkey skeleton (Crypt:2)
  3 adders
  A shadow imp (D:5)
  A white imp (D:7)
  2 ufetubi
  An iguana zombie (Crypt:1)
  A worm zombie (Crypt:2)
  3 dart slugs
  93 orcs
  4 ball pythons
  4 endoplasms
  A giant cockroach (D:4)
  7 goblins
  6 hobgoblins
  12 jackals
  6 quokkas
  2 bats
  4 frilled lizards
  A hobgoblin skeleton (Crypt:1)
  A jackal skeleton (D:4)
  6 kobolds
  11 rats
  A river rat skeleton (Crypt:1)
2181 creatures vanquished.

Vanquished Creatures (collateral kills)
  A spark wasp (Spider:3)
  A demonic crawler (Spider:3)
  A redback (Spider:3)
  28 ball lightnings
  4 foxfires (Lair:2)
35 creatures vanquished.

Vanquished Creatures (others)
  2 eldritch tentacles
  A wolf spider (Spider:3)
  A tarantella (Spider:3)
  A water elemental (Depths:3)
  A quokka (D:13)
  777 ball lightnings
  549 foxfires
  41 fungi
  124 plants
  6 withered plants (D:15)
1503 creatures vanquished.

Grand Total: 3719 creatures vanquished

Notes
Turn   | Place    | Note
-------+----------+-------------------------------------------
     0 | D:1      | toffzen the Djinni Fire Elementalist began the quest for
                  | the Orb.
     0 | D:1      | Reached XP level 1. HP: 15/15 MP: 0/0
   115 | D:1      | Reached XP level 2. HP: 17/22 MP: 0/0
   118 | D:1      | Reached skill level 1 in Fighting
   686 | D:1      | Reached XP level 3. HP: 26/27 MP: 0/0
   686 | D:1      | Learned a level 1 spell: Sandblast
   807 | D:1      | Found a faded altar of an unknown god.
  1407 | D:2      | Reached skill level 2 in Fighting
  2080 | D:3      | Found a snail-covered altar of Cheibriados.
  2083 | D:3      | Found a stormy altar of Qazlal.
  2220 | D:3      | Noticed Jessica
  2224 | D:3      | Killed Jessica
  2225 | D:3      | Reached XP level 4. HP: 28/34 MP: 0/0
  2645 | D:3      | Found a hazy altar of Hepliaklqana.
  3102 | D:4      | Reached skill level 3 in Fighting
  3102 | D:4      | Reached XP level 5. HP: 31/40 MP: 0/0
  3102 | D:4      | Learned a level 2 spell: Corpse Rot
  3112 | D:4      | Found a broken altar of Ashenzari.
  3151 | D:4      | Noticed a steam dragon
  3161 | D:4      | Killed a steam dragon
  3162 | D:4      | Reached XP level 6. HP: 41/47 MP: 0/0
  3250 | D:4      | Reached skill level 4 in Fighting
  3359 | D:4      | Upgraded the game from 0.28-a0-247-gb8bfbab023 to
                  | 0.28-a0-258-g8de209e91f
  3416 | D:4      | Reached XP level 7. HP: 53/53 MP: 0/0
  3416 | D:4      | Learned a level 3 spell: Teleport Other
  3962 | D:5      | Entered Level 5 of the Dungeon
  3962 | D:5      | Noticed Blork the orc
  4110 | D:5      | Killed Blork the orc
  4111 | D:5      | Reached skill level 5 in Fighting
  4170 | D:5      | Reached skill level 5 in Spellcasting
  4396 | D:5      | Reached XP level 8. HP: 60/60 MP: 0/0
  4538 | D:5      | Identified the +1 helmet of the Turtledove {+Blink Fly
                  | rElec Dex+3}
  4625 | D:5      | Identified the ring of Wusuc {Fire SInv}
  4996 | D:5      | Reached skill level 6 in Fighting
  5028 | D:5      | Noticed Ijyb
  5037 | D:5      | Paralysed by Ijyb for 6 turns
  5052 | D:5      | Killed Ijyb
  5321 | D:5      | Found a staircase to the Ecumenical Temple.
  5327 | Temple   | Entered the Ecumenical Temple
  6039 | D:6      | Noticed Eustachio
  6044 | D:6      | Killed Eustachio
  6281 | D:6      | Reached skill level 7 in Fighting
  6500 | D:7      | Reached XP level 9. HP: 68/68 MP: 0/0
  6500 | D:7      | Learned a level 3 spell: Stone Arrow
  7200 | D:7      | Reached skill level 8 in Fighting
  7487 | D:7      | Identified a scroll of acquirement
  7487 | D:7      | Acquired the ring "Jex Qait" {Wiz rPois Str+4}
  7717 | D:8      | Found a burning altar of Makhleb.
  7721 | D:8      | Became a worshipper of Makhleb the Destroyer
  7843 | D:8      | Reached skill level 1 in Invocations
  8171 | D:8      | Reached skill level 9 in Fighting
  8171 | D:8      | Reached XP level 10. HP: 76/78 MP: 0/0
  8172 | D:8      | Noticed Erica
  8178 | D:8      | Killed Erica
  8802 | D:9      | Found a transporter.
  8802 | D:9      | Noticed askman's ghost (novice DsFi)
  8813 | D:9      | Found a transporter.
  9076 | D:9      | Reached * piety under Makhleb
  9430 | D:9      | Found a white marble altar of Elyvilon.
  9493 | D:9      | Noticed a two-headed ogre
  9499 | D:9      | Killed a two-headed ogre
  9500 | D:9      | Reached skill level 10 in Fighting
  9522 | D:9      | Found a staircase to the Orcish Mines.
  9598 | D:9      | Found a blossoming altar of Fedhas.
  9624 | D:9      | Reached skill level 5 in Invocations
  9666 | D:10     | Entered Level 10 of the Dungeon
  9671 | D:10     | Noticed a two-headed ogre
  9678 | D:10     | Killed a two-headed ogre
  9679 | D:10     | Reached XP level 11. HP: 76/86 MP: 0/0
  9679 | D:10     | Learned a level 5 spell: Agony
  9746 | D:10     | Found Toif's Mass Market.
  9760 | D:10     | Noticed a manticore
  9767 | D:10     | Killed a manticore
  9875 | D:10     | Found a sacrificial altar of Ru.
  9925 | D:10     | Found a basalt altar of Yredelemnul.
  9947 | D:10     | Found Ceps's Changing Room.
 10051 | D:10     | Reached ** piety under Makhleb
 10427 | D:11     | Noticed a two-headed ogre
 10431 | D:11     | Killed a two-headed ogre
 10432 | D:11     | Reached skill level 11 in Fighting
 10651 | D:11     | Noticed a red ugly thing
 10658 | D:11     | Killed a red ugly thing
 10682 | D:11     | Noticed a manticore
 10685 | D:11     | Killed a manticore
 10707 | D:11     | Upgraded the game from 0.28-a0-258-g8de209e91f to
                  | 0.28-a0-268-g3f656e82c2
 10740 | D:11     | Noticed a centaur warrior
 10748 | D:11     | Found a staircase to the Lair.
 10789 | D:11     | Reached XP level 12. HP: 45/94 MP: 0/0
 10847 | D:11     | Killed a centaur warrior
 11039 | D:11     | Noticed a four-headed hydra
 11044 | D:11     | Killed a four-headed hydra
 11308 | D:11     | Noticed a two-headed ogre
 11312 | D:11     | Killed a two-headed ogre
 11313 | D:11     | Reached skill level 12 in Fighting
 11640 | Lair:1   | Entered Level 1 of the Lair of Beasts
 11731 | Lair:1   | Reached skill level 10 in Spellcasting
 12601 | Lair:2   | Noticed Nergalle
 12605 | Lair:2   | Killed Nergalle
 12615 | Lair:2   | Reached *** piety under Makhleb
 12828 | Lair:2   | Reached XP level 13. HP: 98/102 MP: 0/0
 12828 | Lair:2   | Learned a level 5 spell: Borgnjor's Vile Clutch
 13363 | Lair:3   | Reached skill level 10 in Invocations
 13562 | Lair:3   | You are sucked into a shaft and drop 2 floors!
 13562 | Lair:5   | Noticed a catoblepas
 13575 | Lair:5   | Killed a catoblepas
 13700 | Lair:5   | Reached skill level 13 in Fighting
 13823 | Lair:3   | Acquired a manual of Invocations
 13845 | Lair:3   | Noticed an eight-headed hydra
 13850 | Lair:3   | Killed an eight-headed hydra
 13930 | Lair:3   | Reached **** piety under Makhleb
 14246 | Lair:3   | Noticed Fannar
 14250 | Lair:3   | Killed Fannar
 14526 | Lair:3   | Found a hole to the Spider Nest.
 14632 | Lair:4   | Found a glowing silver altar of Zin.
 14749 | Lair:4   | Noticed a catoblepas
 14758 | Lair:4   | Killed a catoblepas
 14985 | Lair:4   | Reached XP level 14. HP: 96/111 MP: 0/0
 15345 | Lair:4   | Found a staircase to the Swamp.
 15442 | Lair:5   | Upgraded the game from 0.28-a0-268-g3f656e82c2 to
                  | 0.28-a0-312-gbced6e68ee
 16336 | Lair:6   | Entered Level 6 of the Lair of Beasts
 16487 | Lair:5   | Reached skill level 14 in Fighting
 16502 | Lair:5   | Reached ***** piety under Makhleb
 17246 | Lair:6   | Reached skill level 1 in Shields
 18315 | Lair:6   | Found a staircase to the Slime Pits.
 18602 | Lair:6   | Reached XP level 15. HP: 99/118 MP: 0/0
 18602 | Lair:6   | Learned a level 6 spell: Conjure Ball Lightning
 19404 | D:12     | Identified the +1 chain mail "Gerasteitwi" {rElec rF+}
 19736 | D:12     | Found a shimmering altar of Xom.
 20188 | D:13     | Reached ****** piety under Makhleb
 20332 | D:13     | Found a white marble altar of Elyvilon.
 20378 | D:13     | Noticed Frances
 20383 | D:13     | Killed Frances
 20384 | D:13     | Reached skill level 15 in Fighting
 20469 | D:13     | Acquired the ring of Ipsuevad {Wiz Will++ Int+3 Slay-3}
 20502 | D:13     | Found Janiqaz's General Store.
 20634 | D:13     | Bought a scroll of fog for 28 gold pieces
 20852 | D:13     | Reached skill level 15 in Invocations
 20877 | D:13     | Found a gate to the Vaults.
 22056 | D:15     | Entered Level 15 of the Dungeon
 22066 | D:15     | Identified the ring of Ereeppaa {rElec rC+ Will+ Dex-3}
 22278 | D:15     | Found a staircase to the Depths.
 22676 | D:15     | Reached XP level 16. HP: 125/126 MP: 0/0
 23228 | Orc:1    | Entered Level 1 of the Orcish Mines
 23304 | Orc:1    | Found a transporter.
 23368 | Orc:1    | Reached skill level 5 in Dodging
 23393 | Orc:1    | Found a transporter.
 23405 | Orc:1    | Noticed NigelTetley's ghost (journeyman DECj)
 24002 | Orc:2    | Entered Level 2 of the Orcish Mines
 24019 | Orc:2    | Noticed Maurice
 24029 | Orc:2    | Killed Maurice
 24308 | Orc:2    | Found a staircase to the Elven Halls.
 24397 | Orc:2    | Found Puurchose's Magic Scroll Shop.
 24397 | Orc:2    | Found Heinlosh's Distillery.
 24415 | Orc:2    | Bought a scroll of fog for 26 gold pieces
 24415 | Orc:2    | Bought a scroll of fog for 26 gold pieces
 24519 | Orc:2    | Found Vitiut's Antique Weapon Shop.
 24519 | Orc:2    | Found Qetwob's Jewellery Emporium.
 25133 | Swamp:1  | Entered Level 1 of the Swamp
 25395 | Swamp:1  | Noticed Donald
 25403 | Swamp:1  | Killed Donald
 25573 | Swamp:1  | Reached skill level 16 in Fighting
 25916 | Swamp:2  | Noticed a thorn hunter
 25922 | Swamp:2  | Killed a thorn hunter
 26059 | Swamp:2  | Noticed a tentacled monstrosity
 26061 | Swamp:2  | Noticed a fenstrider witch
 26070 | Swamp:2  | Noticed Wyvvafor's ghost (adept MiCK)
 26071 | Swamp:2  | Noticed a fenstrider witch
 26089 | Swamp:2  | Found a transporter.
 26097 | Swamp:2  | Found a transporter.
 26216 | Swamp:2  | Reached skill level 1 in Evocations
 26370 | Swamp:2  | Identified the +1 scale mail "Zergh" {-Tele Int+6 Dex+7}
 26647 | Swamp:3  | Noticed Nikola
 26651 | Swamp:3  | Reached XP level 17. HP: 117/133 MP: 0/0
 26651 | Swamp:3  | Learned a level 6 spell: Shadow Creatures
 26711 | Swamp:3  | Noticed a thorn hunter
 26793 | Swamp:3  | Killed a thorn hunter
 26794 | Swamp:3  | Reached skill level 5 in Evocations
 27584 | Swamp:3  | Noticed Roxanne
 27653 | Swamp:4  | Entered Level 4 of the Swamp
 27833 | Swamp:3  | Noticed Jorgrun
 27999 | Swamp:3  | Killed Jorgrun
 28021 | Swamp:3  | Killed Nikola
 29474 | Swamp:4  | Reached skill level 17 in Fighting
 29615 | Swamp:4  | Noticed the 27-headed Lernaean hydra
 29633 | Swamp:4  | Killed the 27-headed Lernaean hydra
 29634 | Swamp:4  | Reached XP level 18. HP: 102/142 MP: 0/0
 29765 | Swamp:4  | Got a decaying rune of Zot
 29946 | Lair:4   | Upgraded the game from 0.28-a0-312-gbced6e68ee to
                  | 0.28-a0-313-gbc0475efdd
 30137 | Elf:1    | Entered Level 1 of the Elven Halls
 30323 | Elf:1    | Found a white marble altar of Elyvilon.
 30323 | Elf:1    | Found a glowing silver altar of Zin.
 30324 | Elf:1    | Found a crumbling gateway.
 30325 | Elf:1    | Found a glowing golden altar of the Shining One.
 31097 | Spider:1 | Entered Level 1 of the Spider Nest
 31296 | Vaults:1 | Entered Level 1 of the Vaults
 31442 | Vaults:1 | Reached skill level 10 in Dodging
 31884 | Vaults:1 | You are sucked into a shaft and drop 1 floor!
 32286 | Vaults:1 | Found a large runed translucent door.
 32286 | Vaults:1 | Found a large runed translucent door.
 32286 | Vaults:1 | Found a large runed translucent door.
 32286 | Vaults:1 | Found a large runed translucent door.
 32286 | Vaults:1 | Found a large runed translucent door.
 32286 | Vaults:1 | Found a large runed translucent door.
 32286 | Vaults:1 | Found a large runed translucent door.
 32286 | Vaults:1 | Found a large runed translucent door.
 32286 | Vaults:1 | Noticed Hios's ghost (adept HOMo)
 33045 | Vaults:2 | Reached XP level 19. HP: 118/150 MP: 0/0
 33045 | Vaults:2 | Learned a level 6 spell: Death Channel
 33429 | Vaults:2 | Reached skill level 18 in Fighting
 34059 | Vaults:2 | Noticed a titan
 34124 | Vaults:2 | Killed a titan
 34667 | Vaults:2 | Identified the +1 robe of Tartarus {rC- Str+9 Dex+4 SInv}
 34685 | Vaults:2 | Noticed a lich
 34689 | Vaults:2 | Killed a lich
 34698 | Vaults:2 | Identified the +0 hat "Gutiru" {Str+5}
 34702 | Vaults:2 | Identified the +0 hat of Sust {rC+++ rCorr Int+5}
 35425 | Vaults:3 | Identified the +5 glaive "Ufohoura" {vorpal, rElec rCorr
                  | Str-4 Dex+5}
 35489 | Vaults:3 | Reached skill level 15 in Spellcasting
 36492 | Vaults:3 | Noticed Mennas
 36959 | Elf:1    | Reached XP level 20. HP: 146/158 MP: 0/0
 37461 | Elf:1    | Reached skill level 19 in Fighting
 38003 | Elf:2    | Found Aruademn's Weapon Emporium.
 38065 | Elf:2    | Paralysed by an air elemental for 1 turns
 38260 | Elf:2    | Found a shimmering altar of Xom.
 38260 | Elf:2    | Noticed NigelTetley's ghost (adept DECj)
 38265 | Elf:2    | Found a runed translucent door.
 38267 | Elf:2    | Paralysed by an air elemental for 1 turns
 38486 | Elf:2    | Found a runed translucent gate.
 38487 | Elf:2    | Found a runed translucent gate.
 38487 | Elf:2    | Found a runed translucent gate.
 39044 | Elf:2    | Noticed Aizul
 39049 | Elf:2    | Killed Aizul
 39598 | Elf:2    | Upgraded the game from 0.28-a0-313-gbc0475efdd to
                  | 0.28-a0-381-g937acc2988
 39638 | Elf:3    | Entered Level 3 of the Elven Halls
 39687 | Elf:3    | Found Fun Fakh's Assorted Antiques.
 39703 | Elf:3    | Bought a warped pewter ring for 100 gold pieces
 39703 | Elf:3    | Identified the ring of the Leaf {Wiz Dex+3} (You bought it
                  | in a shop on level 3 of the Elven Halls)
 39703 | Elf:3    | Bought a flickering wooden ring for 100 gold pieces
 39703 | Elf:3    | Identified the ring of Temperance {MP+9 Dex+2} (You bought
                  | it in a shop on level 3 of the Elven Halls)
 40448 | Elf:3    | Reached XP level 21. HP: 166/166 MP: 0/0
 40448 | Elf:3    | Learned a level 7 spell: Malign Gateway
 40505 | Elf:3    | Identified the ring of Ugee {rElec SInv}
 40797 | Elf:3    | Identified the +5 plate armour "Veho" {Int+7 Slay-2}
 41000 | Elf:3    | Identified the +1 spear of Fear {freeze, Int-2 Dex+5}
 41000 | Elf:3    | Identified the ring of the Lich-sworn {rF+ Str+3}
 41024 | Elf:3    | Identified the +3 great sword of Capital Punishment
                  | {vorpal, rN++ Will- Dex+4}
 41198 | Elf:3    | Identified the +8 spear "Ezophem" {spect, Int+5 Dex+2}
 41203 | Elf:3    | Identified the +0 pair of gloves of Twilight {Str+2}
 41744 | Depths:1 | Entered Level 1 of the Depths
 42132 | Lair:3   | Reached skill level 20 in Fighting
 43073 | Spider:1 | Identified the +2 robe "Libueseg" {*Slow rElec rPois}
 43371 | Spider:2 | Noticed Arachne
 43377 | Spider:2 | Killed Arachne
 43529 | Spider:2 | Noticed Louise
 43540 | Spider:2 | Killed Louise
 43541 | Spider:2 | Reached XP level 22. HP: 99/175 MP: 0/0
 43730 | Spider:2 | Reached skill level 1 in Armour
 44220 | Spider:3 | Noticed Asterion
 44224 | Spider:3 | Killed Asterion
 44930 | Spider:3 | Upgraded the game from 0.28-a0-381-g937acc2988 to
                  | 0.28-a0-384-g9e0c098162
 45339 | Spider:4 | Entered Level 4 of the Spider Nest
 46396 | Spider:4 | Reached skill level 5 in Armour
 46828 | Spider:4 | Got a gossamer rune of Zot
 47328 | Depths:1 | Reached skill level 21 in Fighting
 47421 | Depths:1 | Found a bloodstained altar of Trog.
 48222 | Depths:1 | Found a gateway to Hell.
 48248 | Depths:1 | Found a one-way gate leading to the halls of Pandemonium.
 48290 | Depths:1 | Found a sparkling altar of Nemelex Xobeh.
 48316 | Depths:1 | Reached XP level 23. HP: 182/184 MP: 0/0
 48316 | Depths:1 | Learned a level 7 spell: Ozocubu's Refrigeration
 48534 | Depths:2 | Noticed a caustic shrike
 48990 | Depths:2 | Killed a caustic shrike
 49075 | Depths:2 | Found a one-way gate to the infinite horrors of the Abyss.
 49086 | Depths:2 | Identified the +8 glaive "Usif" {flame, rF+ rN+}
 50821 | Depths:3 | Found a gateway to a ziggurat.
 50915 | Depths:3 | Noticed a juggernaut
 50919 | Depths:3 | Killed a juggernaut
 50920 | Depths:3 | Reached skill level 22 in Fighting
 51070 | Depths:3 | Identified the +6 great mace "Isopec" {vorpal, *Noise rPois
                  | rN++ Dex+2}
 51650 | Depths:3 | Found the +5 sword of Power {vorpal}
 51653 | Depths:3 | Reached XP level 24. HP: 193/193 MP: 0/0
 52136 | Depths:4 | Identified the +1 dagger "Keom" {spect, rElec Str+5 Dex-3}
 53176 | Depths:4 | Identified the +4 plate armour "Cuguag" {MP+9}
 53388 | Depths:4 | Noticed a juggernaut
 54013 | Depths:4 | Reached skill level 23 in Fighting
 54293 | Depths:4 | Killed a juggernaut
 54955 | Depths:5 | Entered Level 5 of the Depths
 54972 | Depths:5 | Reached XP level 25. HP: 202/202 MP: 0/0
 54972 | Depths:5 | Learned a level 8 spell: Maxwell's Capacitive Coupling
 54986 | Depths:5 | Noticed a juggernaut
 55257 | Depths:5 | Killed a juggernaut
 56533 | Depths:5 | Found a gate to the Realm of Zot.
 56591 | Depths:5 | Identified the ring of the Rabble {Fire rPois Str+4 Int+4
                  | Slay-4}
 56599 | Depths:5 | Found a runed translucent gate.
 56599 | Depths:5 | Found a runed translucent gate.
 56599 | Depths:5 | Found a runed translucent gate.
 56874 | Depths:5 | Noticed Nogeahir's ghost (veteran TeCj)
 56881 | Depths:5 | Upgraded the game from 0.28-a0-384-g9e0c098162 to
                  | 0.28-a0-390-gb254ac4902
 57917 | Vaults:4 | Reached skill level 24 in Fighting
 58021 | Vaults:4 | Identified the +2 plate armour "Ruan" {Dex+3}
 58984 | Vaults:4 | Found Plog's Assorted Antiques.
 58992 | Vaults:4 | Bought a potion of heal wounds for 180 gold pieces
 58992 | Vaults:4 | Bought a potion of haste for 360 gold pieces
 58992 | Vaults:4 | Bought a wand of digging (5) for 288 gold pieces
 58992 | Vaults:4 | Bought an embroidered cloak for 270 gold pieces
 58992 | Vaults:4 | Bought a potion of curing for 108 gold pieces
 59404 | Vaults:5 | Entered Level 5 of the Vaults
 59408 | Vaults:5 | Reached skill level 25 in Fighting
 59408 | Vaults:5 | Reached XP level 26. HP: 199/215 MP: 0/0
 59420 | Vaults:5 | Noticed a dread lich
 59627 | Vaults:4 | Killed a dread lich
 59832 | Vaults:4 | Reached skill level 26 in Fighting
 60396 | Vaults:5 | Noticed a dread lich
 60406 | Vaults:5 | Killed a dread lich
 60610 | Vaults:5 | Found Heg Laci's Distillery.
 60614 | Vaults:5 | Bought a potion of brilliance for 60 gold pieces
 60614 | Vaults:5 | Bought 2 potions of brilliance for 120 gold pieces
 60614 | Vaults:5 | Bought a potion of haste for 150 gold pieces
 60614 | Vaults:5 | Bought a potion of heal wounds for 75 gold pieces
 60663 | Vaults:5 | Noticed a dread lich
 60669 | Vaults:5 | Reached XP level 27. HP: 192/226 MP: 0/0
 60669 | Vaults:5 | Learned a level 9 spell: Chain Lightning
 60670 | Vaults:5 | Killed a dread lich
 60671 | Vaults:5 | Reached skill level 27 in Fighting
 60736 | Vaults:5 | Noticed Saint Roka
 60742 | Vaults:5 | Killed Saint Roka
 60788 | Vaults:5 | Found Wuap's Magic Scroll Emporium.
 60792 | Vaults:5 | Bought a scroll of teleportation for 45 gold pieces
 60792 | Vaults:5 | Bought a scroll of fog for 30 gold pieces
 60792 | Vaults:5 | Bought a scroll of teleportation for 45 gold pieces
 60953 | Vaults:5 | Identified the +7 war axe of the Skies Above {drain, Str+4}
 61266 | Vaults:5 | Identified the +0 helmet of Tempters {Rampage Regen+ Dex+4}
 61282 | Vaults:5 | Identified the +3 falchion of Risk Management {vorpal,
                  | Str+10 Int+4}
 61366 | Vaults:5 | Found Awny's Antique Weapon Boutique.
 61368 | Vaults:5 | Found Axzeixoe's Antique Armour Shoppe.
 61377 | Vaults:5 | Bought a pair of faintly humming gloves for 427 gold pieces
 61377 | Vaults:5 | Identified the +2 pair of gloves of the Trees {Str+4} (You
                  | bought it in a shop on level 5 of the Vaults)
 61599 | Vaults:5 | Got a silver rune of Zot
 62052 | D:13     | Upgraded the game from 0.28-a0-390-gb254ac4902 to
                  | 0.28-a0-407-g69098e2f6d
 62216 | D:9      | Killed askman's ghost
 62472 | Swamp:2  | Killed Wyvvafor's ghost
 62486 | Swamp:2  | Identified the +1 cloak of Peek-a-Boo {*Corrode Fly rN++
                  | Will+}
 63510 | Vaults:3 | Killed Mennas
 63760 | Vaults:3 | Found a staircase to the Crypt.
 63959 | Crypt:1  | Entered Level 1 of the Crypt
 66236 | Crypt:3  | Entered Level 3 of the Crypt
 66271 | Crypt:3  | Noticed a dread lich
 66277 | Crypt:3  | Killed a dread lich
 66281 | Crypt:3  | Noticed Khufu
 66287 | Crypt:3  | Noticed a royal mummy
 66288 | Crypt:3  | Noticed a royal mummy
 66290 | Crypt:3  | Killed Khufu
 66291 | Crypt:3  | Killed a royal mummy
 66293 | Crypt:3  | HP: 9/228 [royal mummy/divine providence[Khufu] (13)]
 66298 | Crypt:2  | HP: 10/228 [something (6)]
 66299 | Crypt:2  | HP: 4/228 [shot self (9)]
 66719 | Crypt:3  | Killed a royal mummy
 67008 | Crypt:3  | Found a staircase to the Tomb.
 67244 | Crypt:3  | Found a runed translucent gate.
 67244 | Crypt:3  | Found a runed translucent gate.
 67244 | Crypt:3  | Found a runed translucent gate.
 68050 | Crypt:3  | Noticed an ancient lich
 68608 | Zot:1    | Entered Level 1 of the Realm of Zot
 69011 | Zot:1    | Noticed an orb of fire
 69019 | Zot:1    | Killed an orb of fire
 69963 | Zot:2    | Found a runed translucent door.
 69966 | Zot:2    | Noticed Tommur's ghost (adept MiFi)
 70104 | Zot:2    | Found the +0 mask of the Dragon {Will+ Slay+3 SInv}
 70335 | Zot:2    | Noticed a Killer Klown
 70337 | Zot:2    | Killed a Killer Klown
 73936 | Zot:5    | Entered Level 5 of the Realm of Zot
 74203 | Zot:5    | Found a runed translucent gate.
 74204 | Zot:5    | Found a runed translucent gate.
 74205 | Zot:5    | Found a runed translucent gate.
 74206 | Zot:5    | Noticed Xenophilius's ghost (legendary HOMo)
 74397 | Zot:5    | Noticed a Killer Klown
 74399 | Zot:5    | Killed a Killer Klown
 74829 | Zot:5    | Noticed an orb of fire
 74830 | Zot:5    | Noticed an ancient lich
 74831 | Zot:5    | Noticed an orb of fire
 74832 | Zot:5    | Killed an orb of fire
 74832 | Zot:5    | Killed an ancient lich
 74833 | Zot:5    | Noticed a Killer Klown
 74833 | Zot:5    | Gained mutation: You are clumsy. (Dex -2) [an orb of fire]
 75344 | Zot:5    | Noticed a Killer Klown
 75346 | Zot:5    | Killed a Killer Klown
 75459 | Zot:5    | Gained mutation: You sometimes lose the ability to read
                  | scrolls when taking damage. [an orb of fire]
 75460 | Zot:5    | Killed an orb of fire
 75464 | Zot:5    | Killed a Killer Klown
 75959 | Zot:5    | Found a runed translucent gate.
 75960 | Zot:5    | Found a runed translucent gate.
 75961 | Zot:5    | Found a runed translucent gate.
 76254 | Zot:5    | Identified the +1 glaive "Zacowiri" {pain, rC+ rCorr Int-5}
 76553 | Zot:5    | Found a runed translucent gate.
 76553 | Zot:5    | Found a runed translucent gate.
 76553 | Zot:5    | Found a runed translucent gate.
 77155 | Zot:5    | Noticed an orb of fire
 77156 | Zot:5    | Gained mutation: You are occasionally teleported next to
                  | monsters. [an orb of fire]
 77158 | Zot:5    | Killed an orb of fire
 77159 | Zot:5    | Lost mutation: You are clumsy. (Dex -2) [potion of
                  | mutation]
 77159 | Zot:5    | Lost mutation: You sometimes lose the ability to read
                  | scrolls when taking damage. [potion of mutation]
 77159 | Zot:5    | Gained mutation: You sometimes lose the ability to read
                  | scrolls when taking damage. [potion of mutation]
 77159 | Zot:5    | Gained mutation: Your body sometimes deteriorates upon
                  | taking damage. [potion of mutation]
 77159 | Zot:5    | Gained mutation: Your spells are a little harder to cast,
                  | but a little more powerful. [potion of mutation]
 77159 | Zot:5    | Gained mutation: You are somewhat resistant to further
                  | mutation. [potion of mutation]
 77160 | Zot:5    | Lost mutation: Your body sometimes deteriorates upon taking
                  | damage. [potion of mutation]
 77160 | Zot:5    | Lost mutation: Your spells are a little harder to cast, but
                  | a little more powerful. [potion of mutation]
 77164 | Zot:5    | Noticed an orb of fire
 77164 | Zot:5    | Noticed a dread lich
 77168 | Zot:5    | Killed an orb of fire
 77168 | Zot:5    | Killed a dread lich
 77206 | Zot:5    | Noticed an orb of fire
 77209 | Zot:5    | Killed an orb of fire
 77305 | Zot:5    | Noticed a dread lich
 77307 | Zot:5    | Killed a dread lich
 77339 | Zot:5    | Lost mutation: You sometimes lose the ability to read
                  | scrolls when taking damage. [potion of mutation]
 77339 | Zot:5    | Lost mutation: You are somewhat resistant to further
                  | mutation. [potion of mutation]
 77339 | Zot:5    | Lost mutation: You are occasionally teleported next to
                  | monsters. [potion of mutation]
 77339 | Zot:5    | Gained mutation: You are clumsy. (Dex -2) [potion of
                  | mutation]
 77339 | Zot:5    | Gained mutation: You passively dampen the noise of your
                  | surroundings. [potion of mutation]
 77339 | Zot:5    | Gained mutation: You are occasionally teleported next to
                  | monsters. [potion of mutation]
 77339 | Zot:5    | Gained mutation: Your mind is acute. (Int +2) [potion of
                  | mutation]
 77340 | Zot:5    | Lost mutation: Your mind is acute. (Int +2) [potion of
                  | mutation]
 77340 | Zot:5    | Lost mutation: You are clumsy. (Dex -2) [potion of
                  | mutation]
 77340 | Zot:5    | Lost mutation: You are occasionally teleported next to
                  | monsters. [potion of mutation]
 77340 | Zot:5    | Gained mutation: You are strong-willed. (Will+) [potion of
                  | mutation]
 77340 | Zot:5    | Gained mutation: You have a pair of small horns on your
                  | head. [potion of mutation]
 77340 | Zot:5    | Gained mutation: You have a pair of horns on your head.
                  | [potion of mutation]
 77583 | Zot:5    | Found a runed translucent gate.
 77583 | Zot:5    | Found a runed translucent gate.
 77583 | Zot:5    | Found a runed translucent gate.
 77970 | Zot:5    | Got the Orb of Zot
 78114 | Zot:1    | Noticed Teingeh the pandemonium lord
 78120 | Zot:1    | Killed Teingeh the pandemonium lord
 78638 | D:$      | Escaped with the Orb!

Illustrated notes

Levels and vault maps discovered:
D:1:      scummos_arrival_gate, layout_basic, basic_ecumenical_altar
D:2:      layout_basic
D:3:      layout_basic, grunt_temple_overflow_diamond,
          nicolae_hepliaklqana_hippocampus, uniq_jessica
D:4:      layout_loops_ring, ashenzari_conservatory_becter
D:5:      layout_layer_cave, minmay_temple_entry_grid, uniq_ijyb,
          uniq_blork_the_orc
D:6:      layout_rooms, amcnicky_mini_rare_corridor_liquid, uniq_eustachio
D:7:      layout_loops_ring, serial_co_window_serial, co_window_paths_b,
          co_window_of_opportunity_a, co_window_corner_a, co_window_paths_b,
          co_window_paths_a, co_window_paths_a, co_window_of_opportunity_a,
          co_window_unsneaky_path_b, co_window_of_opportunity_c,
          co_window_of_opportunity_c, co_window_of_opportunity_b,
          co_window_of_opportunity_b, co_window_2corner, co_window_2corner,
          glass_columns_c, glass_columns_b, glass_columns_c, glass_columns_b,
          glass_columns_a, minmay_crossroads
D:8:      layout_loops_ring, marbit_many_paths, kennysheep_opposing_triangles,
          uniq_erica
D:9:      layout_basic, general_overflow_altar, kennysheep_mini_moat,
          hiddenorc1_lemuel, gammafunk_ghost_stat_death
D:10:     layout_big_octagon, mainiacjoe_overflow_brackets,
          mainiacjoe_overflow_catch_the_wave, minmay_shop_mass,
          nicolae_transmutations_shop
D:11:     layout_loops_corners, minmay_lair_entry_grove
D:12:     layout_layer_cave, minivault_16, hex_medium, kennysheep_donut,
          minivault_4, tgw_xom
D:13:     layout_loops_ring, david_vaults_4, serial_shops,
          nicolae_shop_window_shopping, elyvilon_altar_4, uniq_frances
D:14:     layout_long_grid
D:15:     gammafunk_depths_entry_grave, layout_rooms, serial_bayou,
          serial_bayou_shore_b, serial_bayou_pond_a, serial_bayou_pond_e,
          serial_bayou_pond_a, serial_bayou_lagoon_a, st_stairs_5
Temple:   minmay_temple_curvy_loop
Lair:1:   layout_gridlike
Lair:2:   layout_regular_city, grunt_megastairs_5, uniq_nergalle
Lair:3:   layout_gridlike, spider_nest_entry_funnel_web,
          cheibrodos_lair_lostbears, uniq_fannar
Lair:4:   layout_hall_layers, nicolae_swamp_entry_splash_gauntlet, basic_altar
Lair:5:   layout_regular_city, chequers_serial_rivers_micro_e
Lair:6:   minmay_lair_end_enchanted_forest, layout_gridlike,
          minmay_slime_entry_oklob_enclosed
Swamp:1:  layout_basic_swamp, hangedman_swamp_ruin_wall, swamp_pool4,
          uniq_donald
Swamp:2:  layout_basic_swamp, gammafunk_ghost_arena, serial_swamp_ruin,
          evilmike_swamp_ruin_house_5, evilmike_swamp_ruin_rubble_2
Swamp:3:  layout_falls_marsh, portal_ice_cave_entry_ice_statue_one,
          evilmike_swamp_ruin_rubble_1, swamp_pool5, uniq_roxanne, uniq_jorgrun,
          uniq_nikola
Swamp:4:  swamp_old_school, layout_basic_swamp, nzn_swamp_dancing_lights,
          infiniplex_staircase_pool
Spider:1: cheibrodos_spider_silkery, drop_trap, nicolae_spider_orb_run
Spider:2: layout_spider_delve, nicolae_spider_not_touching_you, uniq_arachne,
          uniq_louise
Spider:3: layout_spider_delve, spiders_nest_hornet_nest, uniq_asterion
Spider:4: floodkiller_spider_rune_tomb, nicolae_spider_spiderdrome
Orc:1:    layout_caves, basic_altar, gammafunk_ghost_arena
Orc:2:    st_orc_town, layout_caves, uniq_maurice
Elf:1:    elf_arrival_001, layout_geoelf_diagonals,
          portal_desolation_entry_holy_temple, hangedman_elf_represent,
          minmay_crystal_room, nicolae_elf_vaults_five_recruitment_drive
Elf:2:    nicolae_elf_blades_crystal_corner, layout_loops_corners,
          ebering_ghost_xom, serial_shops, shop_statue, drop_trap, uniq_aizul
Elf:3:    elf_hall_gauntlet_narrow, layout_loops_cross, serial_shops,
          nicolae_shop_temple_entry_statues_fountains
Vaults:1: advil_vaults_ghost_lines, vaults_room_semicircle,
          vaults_dpeg_diagonal, nicolae_vaults_mini_display_case,
          hangedman_vaults_maws, vaults_dpeg_cross, vaults_dpeg_hooks,
          v_misc_32, v_misc_27, hangedman_vaults_trim, layout_vaults_omnigrid
Vaults:2: v_misc_25, hangedman_vaults_maws, nicolae_vaults_triangles,
          grunt_tower_of_power, nicolae_vaults_little_squares_2,
          nicolae_vaults_windows_and_doors_thing, vaults_room_fancy_cross,
          vaults_room_ringed_pool, v_misc_30, v_misc_8, v_misc_19,
          nicolae_vaults_little_squares_4, vaults_room_fours,
          layout_vaults_big_cross
Vaults:3: minmay_crypt_entry_simple_box, v_alt_pattern_2, v_alt_pattern_2,
          nicolae_vaults_rhombus_5, nicolae_vaults_asterisk, v_misc_4,
          ontoclasm_vaults_pinch, vaults_dpeg_spiral,
          nicolae_vaults_little_squares_4, nicolae_vaults_angled_halls,
          layout_vaults_big_room, uniq_mennas
Vaults:4: hangedman_vaults_stagger, v_misc_12, vaults_mumra_lcd,
          vaults_room_door_hall, v_misc_24, ontoclasm_vaults_gateway, v_misc_26,
          nicolae_vaults_little_ls, dpeg_vaults_monster_row,
          grunt_vaults_diagonal, hangedman_vaults_capsules,
          nicolae_vaults_little_squares_2, layout_vaults_omnibox, serial_shops,
          nicolae_shop_overgrown_old_shop
Vaults:5: uniq_saint_roka
Crypt:1:  layout_misc_corridors, minmay_strange_pillars,
          grunt_crypt_arrival_guarded_gate
Crypt:2:  layout_rooms, lemuel_upstairs_altar
Crypt:3:  david_glass_crypt, layout_misc_corridors, pandoras_box_mu, uniq_khufu
Depths:1: layout_basic, grunt_hell_entry_dis_mu, nemelex_diamond_rough_becter,
          pan_entry, trog_three_pillars_becter, kennysheep_random_hallway
Depths:2: minmay_strange_plus, layout_cave_pools, rand_demon_pan_entry_8,
          abyss_entry, small_statue_intersection, hell_entry
Depths:3: nzn_winding_woodlands_stair_trap
          [nzn_winding_woodlands_5x15_concentric,
          nzn_winding_woodlands_5x15_sidewinder,
          nzn_winding_woodlands_5x15_zeroes,
          nzn_winding_woodlands_15x15_thick_spiral,
          nzn_winding_woodlands_5x15_sawtooth,
          nzn_winding_woodlands_5x15_longhouse,
          nzn_winding_woodlands_5x15_split_checker], layout_gridlike,
          enter_ziggurat_b, serial_bayou, serial_bayou_ford_a, serial_shops,
          nicolae_shop_stone, pan_entry, pf_dread_powers_of_hell,
          kennysheep_underground_church
Depths:4: lemuel_castle_with_subvaults [lemuel_castle_interior_original],
          layout_honeycomb, abyss_entry_small_statue_room, pan_entry,
          hangedman_coc_ice_floe, kennysheep_boxes, kennysheep_minor_cross,
          minmay_fractal_squares_diagonal_5
Depths:5: grunt_zot_entry_alcove, layout_cave_pools, gammafunk_ghost_icy,
          hell_entry
Zot:1:    layout_onion
Zot:2:    layout_cathedral_of_symmetry, ebering_ghost_reflecting_pool,
          grunt_megastairs_4
Zot:3:    layout_misc_corridors
Zot:4:    layout_cathedral_of_symmetry
Zot:5:    layout_basic, gammafunk_ghost_tricky_traps

Skill      XL: |  1  2  3  4  5  6  7  8  9 10 11 12 13 14 15 16 17 18 19 20 21 22 23 24 25 26 27 |
---------------+----------------------------------------------------------------------------------+-----
Fighting       | 1 2 3 4 5 7 9 10 11 12 13 14 15 16 17 18 19 20 21 22 23 25 26 27 | 27.0
Spellcasting   | 3 4 5 6 7 8 9 10 11 12 13 14 15 16 17 18 19 26 | 26.7
Invocations    | 2 5 7 9 12 14 15 16 17 18 | 18.1
Shields        | 3 4 |  4.0
Dodging        | 4 6 9 11 13 | 13.0
Evocations     | 4 6 |  6.0
Armour         | 5 |  5.0
Stealth        | |  1.5

Action                   |  1- 3 |  4- 6 |  7- 9 | 10-12 | 13-15 | 16-18 | 19-21 | 22-24 | 25-27 || total
-------------------------+-------+-------+-------+-------+-------+-------+-------+-------+-------++-------
Melee: Short sword       |     4 |     2 |     2 |    13 |       |       |       |       |       ||    21
       Staff             |       |       |       |       |     2 |     3 |       |     3 |     3 ||    11
 Cast: Foxfire           |    50 |    52 |   118 |    37 |    62 |    12 |     1 |     1 |       ||   333
       Sandblast         |     3 |    10 |    48 |     4 |       |       |       |       |       ||    65
       Teleport Other    |       |       |    10 |       |       |       |       |       |       ||    10
       Sticky Flame      |       |       |     5 |    43 |    46 |    29 |    23 |    31 |    21 ||   198
       Stone Arrow       |       |       |    26 |    27 |    22 |    71 |    53 |    18 |    30 ||   247
       Fireball          |       |       |    13 |   143 |   364 |   319 |   210 |   385 |   429 ||  1863
       Agony             |       |       |       |     3 |       |     1 |       |       |       ||     4
       Borgnjor's Vile C |       |       |       |       |    31 |       |    28 |    19 |    56 ||   134
       Conjure Ball Ligh |       |       |       |       |     1 |    93 |   132 |    78 |    30 ||   334
       Shadow Creatures  |       |       |       |       |       |     2 |     5 |       |       ||     7
       Death Channel     |       |       |       |       |       |       |     1 |     2 |       ||     3
       Malign Gateway    |       |       |       |       |       |       |     1 |     1 |       ||     2
       Ozocubu's Refrige |       |       |       |       |       |       |       |   111 |   215 ||   326
       Maxwell's Capacit |       |       |       |       |       |       |       |       |     6 ||     6
       Chain Lightning   |       |       |       |       |       |       |       |       |   338 ||   338
Invok: Lesser Servant of |       |       |       |       |     1 |     1 |       |       |       ||     2
 Abil: Evoke Blink       |       |       |       |       |       |     2 |       |    12 |       ||    14
Evoke: Wand              |       |       |       |     2 |       |       |       |       |     1 ||     3
       Lightning rod     |       |       |       |       |       |       |       |       |     2 ||     2
  Use: Scroll            |     1 |       |    18 |     4 |     9 |     8 |     1 |       |    12 ||    53
       Potion            |       |       |       |     3 |       |     4 |     2 |       |    10 ||    19
Armor: Robe              |     2 |     1 |    13 |    23 |    31 |    27 |    26 |    25 |    47 ||   195
Dodge: Dodged            |     8 |    14 |    50 |    66 |    96 |    74 |   124 |   124 |   207 ||   763
Block: Buckler           |       |       |       |       |     6 |    28 |    33 |    49 |    48 ||   164
       Reflection        |       |       |       |       |       |       |       |       |     4 ||     4

Table legend: (Time is in decaauts)
 A = Elapsed time spent in this place.
 B = Non-inter-level travel time spent in this place.
 C = Inter-level travel time spent in this place.
 D = Time resting spent in this place.
 E = Time spent auto-exploring this place.
 F = Levels seen in this place.
 G = Mean time per level.
                   A        B        C        D        E       F      G
               +--------+--------+--------+--------+--------+-----+--------+
         Total |  78746 |  71621 |   7125 |  20908 |  21219 |  53 | 1485.8 |
       Dungeon |  18162 |  15631 |   2531 |   2662 |   7778 |  15 | 1210.8 |
        Temple |    210 |    187 |     23 |      0 |    182 |   1 |  210.0 |
          Lair |   8079 |   6992 |   1087 |   1894 |   2746 |   6 | 1346.5 |
         Swamp |   5060 |   4612 |    448 |   1708 |    755 |   4 | 1265.0 |
   Spider Nest |   4491 |   4181 |    310 |   1113 |   1176 |   4 | 1122.8 |
  Orcish Mines |   1855 |   1697 |    158 |    113 |    849 |   2 |  927.5 |
   Elven Halls |   5591 |   5326 |    265 |   1686 |   1145 |   3 | 1863.7 |
        Vaults |  11521 |  10219 |   1302 |   2857 |   2342 |   5 | 2304.2 |
         Crypt |   4248 |   4061 |    187 |   1753 |    666 |   3 | 1416.0 |
        Depths |   9947 |   9371 |    576 |   3528 |    837 |   5 | 1989.4 |
           Zot |   9577 |   9341 |    236 |   3593 |   2743 |   5 | 1915.4 |
               +--------+--------+--------+--------+--------+-----+--------+

Top non-repeatable levels by time:
   Zot:5: 3844 daAuts
Depths:4: 3043 daAuts
Vaults:3: 2898 daAuts
Depths:3: 2825 daAuts
Vaults:2: 2625 daAuts
Vaults:4: 2539 daAuts
   Elf:1: 2113 daAuts
Vaults:1: 1941 daAuts
  Lair:6: 1904 daAuts
   Elf:3: 1845 daAuts
Depths:5: 1830 daAuts
 Crypt:3: 1807 daAuts
    D:13: 1799 daAuts
   Zot:4: 1746 daAuts
  Lair:3: 1694 daAuts
